 Dungeon Crawl Stone Soup version 0.27.1-33-g824d729ab1 (webtiles) character file.

Game seed: 4734049355740369494

1463 halfoni the Chopper (level 8, -1/84 HPs)
             Began as an Ogre Berserker on Dec 18, 2021.
             Was an Elder of Trog.
             Slain by an orc wizard (3 damage)
             ... on level 6 of the Dungeon.
             The game lasted 00:12:15 (7918 turns).

halfoni the Chopper (Ogre Berserker)                Turns: 7918, Time: 00:12:15

Health: -1/84      AC:  3    Str: 24    XL:     8   Next: 77%
Magic:  8/8        EV:  9    Int:  8    God:    Trog [****..]
Gold:   249        SH: 18    Dex:  8    Spells: 7/7 levels left

rFire    . . .     SeeInvis .   r - +0 war axe
rCold    . . .     Faith    .   b - +9 kite shield of Supple Strength {rElec}
rNeg     . . .     Spirit   .   i - +0 robe
rPois    +         Reflect  .   (helmet restricted)
rElec    +         Harm     .   (no cloak)
rCorr    .         Rampage  .   (gloves unavailable)
Will     .....                  (boots unavailable)
Stlth    +.........             n - amulet of the acrobat
HPRegen  0.24/turn              j - ring of poison resistance
MPRegen  0.11/turn              (no ring)

@: about to teleport, on berserk cooldown
A: large, unfitting armour, tough skin 1
a: Renounce Religion, Berserk, Trog's Hand, Brothers in Arms


You were on level 6 of the Dungeon.
You worshipped Trog.
Trog was greatly pleased with you.
You visited 1 branch of the dungeon, and saw 6 of its levels.

You collected 249 gold pieces.

Inventory:

Hand Weapons
 r - a +0 war axe (weapon)
Armour
 b - the +9 kite shield of Supple Strength (worn) {rElec}
   (You acquired it on level 5 of the Dungeon)

   rElec:     It insulates you from electricity.
 i - a +0 robe (worn)
Jewellery
 j - a ring of poison resistance (left hand)
 n - an amulet of the acrobat (around neck)
Wands
 c - a wand of mindburst (13)
 s - a wand of flame (17)
Scrolls
 a - a scroll of enchant armour
 h - a scroll of identify
Potions
 d - a potion of brilliance {unknown}
 f - 3 potions of curing
 g - a potion of haste {unknown}
 l - 3 potions of lignification
 p - a potion of might


   Skills:
 + Level 6.4 Fighting
 + Level 6.7 Axes
 * Level 3.3 Armour
 + Level 4.4 Dodging
 * Level 4.4 Shields


You had 7 spell levels left.
You didn't know any spells.
Your spell library was empty.

Dungeon Overview and Level Annotations

Branches:
Dungeon (6/15)             Temple (0/1) D:6

Altars:
Cheibriados
Kikubaaqudgha
Wu Jian


Innate Abilities, Weirdness & Mutations

You are too large for most types of armour.
You have tough skin. (AC +1)


Message History

You hit the orc priest but do no damage. x2
You hit the hound. You block the hound's attack.
The orc priest invokes the aid of Beogh against you.
Pain shoots through your body!
The orc priest hits you but does no damage.
The orc wizard casts a spell.
The orc wizard flickers and vanishes!
Deactivating autopickup; reactivate with Ctrl-A.
The hound bites you.
The orc priest hits you with a +0 war axe!
* * * LOW HITPOINT WARNING * * *
You block the orc priest's attack. The orc priest closely misses you.
As you read the scroll of teleportation, it crumbles to dust.
You feel strangely unstable. You block the hound's attack.
You block the orc priest's attack. x2; The orc priest barely misses you.
The hound barely misses you.
You completely miss the hound.
The hound is lightly wounded.
You miss something. You barely miss the orc priest. You slash the orc priest!
You hit the orc priest but do no damage.
Something completely misses you. The hound closely misses you.
You block the orc priest's attack.
The orc priest invokes the aid of Beogh against you.
Beogh smites you!
* * * LOW HITPOINT WARNING * * *
You block the orc priest's attack. The hound bites you.
* * * LOW HITPOINT WARNING * * *
Something hits you.
* * * LOW HITPOINT WARNING * * *
You slash the hound!
You kill the hound!
Trog accepts your kill.
You closely miss something.
You hit the orc priest but do no damage.
You barely miss the orc priest.
You hit the orc priest but do no damage.
You block the orc priest's attack. The orc priest hits you with a +0 mace.
* * * LOW HITPOINT WARNING * * *
The orc priest closely misses you. Something hits you.
You die...

#. ......)...##.#.P. #.#
................> ... #.#
##..........###..PP ...# #.#
....................
...####.#
#.#.###.....#####....
##....#.###.#.#...###.. ###..
#........##.#.#.## ##. #.
#........#..ooo.# . #.
#........#..#o@## #.
#.............o.## ...#
#.............#..# ##..
#<.......#....##.# ###
#........#.....#.######## # #
#.†....:.#........).....#....
#...>....#.........)))....# #
##########.........)......#
#..............#....


You could see 3 orc priests and 2 orcs.

Vanquished Creatures
  A sky beast (D:5)
  2 black bears
  A necrophage (D:6)
  A phantom (D:6)
  5 scorpions
  A wyvern zombie (D:5)
  A water moccasin zombie (D:5)
  A howler monkey (D:6)
  4 hounds
  A jelly (D:5)
  A centaur skeleton (D:5)
  2 orc priests (D:3)
  A bullfrog skeleton (D:4)
  4 orc wizards
  An iguana (D:6)
  A hound skeleton (D:6)
  Robin (D:2)
  8 adders
  2 worms
  4 dart slugs
  12 orcs
  4 bats
  5 bat skeletons (D:3)
  2 bat zombies (D:3)
  11 endoplasms
  3 giant cockroaches
  15 goblins
  3 hobgoblins (D:1)
  7 jackals
  2 quokkas (D:2)
  8 ball pythons
  7 frilled lizards
  9 kobolds
  4 rats
135 creatures vanquished.

Notes
Turn   | Place    | Note
-------+----------+-------------------------------------------
     0 | D:1      | halfoni the Ogre Berserker began the quest for the Orb.
     0 | D:1      | Reached XP level 1. HP: 24/24 MP: 1/1
    86 | D:1      | Reached XP level 2. HP: 25/32 MP: 2/2
   689 | D:1      | Reached XP level 3. HP: 38/40 MP: 3/3
   803 | D:1      | Reached ** piety under Trog
  1514 | D:2      | Found a faded altar of an unknown god.
  1579 | D:2      | Noticed Robin
  1591 | D:2      | Reached XP level 4. HP: 25/49 MP: 4/4
  1596 | D:2      | Killed Robin
  2232 | D:2      | Reached skill level 1 in Armour
  2268 | D:2      | Reached XP level 5. HP: 55/55 MP: 5/5
  2688 | D:3      | Reached *** piety under Trog
  2729 | D:3      | Reached skill level 5 in Fighting
  2842 | D:3      | Reached skill level 5 in Axes
  3056 | D:3      | Reached XP level 6. HP: 66/66 MP: 6/6
  3243 | D:3      | Found an ancient bone altar of Kikubaaqudgha.
  4455 | D:4      | Reached skill level 1 in Shields
  4581 | D:4      | Found an ornate altar of the Wu Jian Council.
  4582 | D:4      | Found a snail-covered altar of Cheibriados.
  4638 | D:4      | Reached XP level 7. HP: 72/72 MP: 7/7
  5259 | D:5      | Entered Level 5 of the Dungeon
  6516 | D:5      | Reached XP level 8. HP: 59/83 MP: 8/8
  7088 | D:5      | Identified a scroll of acquirement
  7093 | D:5      | Acquired the +9 kite shield of Supple Strength {rElec}
  7164 | D:6      | Reached **** piety under Trog
  7306 | D:6      | Found a staircase to the Ecumenical Temple.
  7918 | D:6      | HP: 2/84 [orc priest (4)]
  7918 | D:6      | Slain by an orc wizard

Illustrated notes

Levels and vault maps discovered:
D:1:      wander_arrival_desolate, layout_loops_corners,
          amcnicky_mini_corridor_feature, minmay_tetromino_i2
D:2:      wander_river, layout_rooms, serial_curves, eino_curves_04,
          eino_curves_01, basic_ecumenical_altar, uniq_robin
D:3:      layout_basic, kennysheep_vampire_church
D:4:      layout_rooms, gammafunk_temple_overflow_statue,
          kennysheep_nondescript, grunt_decor_junction
D:5:      layout_cave_pods
D:6:      layout_rooms, makhleb_blood_cavern_becter,
          nemelex_diamond_rough_becter, minmay_temple_entry_overgrown

Skill      XL: |  1  2  3  4  5  6  7  8 |
---------------+-------------------------+-----
Dodging        | 3 4 |  4.4
Axes           | 4 5 6 |  6.7
Armour         | 1 2 3 |  3.3
Fighting       | 5 6 |  6.4
Shields        | 1 3 4 |  4.4

Action                   |  1- 3 |  4- 6 |  7- 9 || total
-------------------------+-------+-------+-------++-------
Melee: Hand axe          |    88 |   157 |       ||   245
       War axe           |       |     5 |   155 ||   160
Invok: Berserk           |     4 |     7 |     4 ||    15
  Use: Scroll            |       |       |    15 ||    15
 Stab: Sleeping          |     1 |     1 |     1 ||     3
Armor: Animal skin       |    18 |       |       ||    18
       Robe              |     9 |    49 |    22 ||    80
Dodge: Dodged            |    59 |    85 |    54 ||   198
Block: Tower shield      |       |    50 |    96 ||   146
       Kite shield       |       |       |    65 ||    65
